Map: Orbital Shipyard

Players

IronLung

  • Race: Terran Terran
  • League: Diamond

LilDicky - Winner!

  • Race: Terran Terran
  • League: Diamond

VOD

http://www.twitch.tv/tumescentpie

Description

Time

  • Played on: Jan. 3, 2016, 12:30 a.m.
  • Length: 7:48
Show
View Real Time Build Order
Export as new Build Order

IronLung Terran 

Build Orders:  

Get SALT Encoding   

  12  0:02  SCV  
  14  0:14  SCV  
  14  0:19  Supply Depot  
  14  0:26  SCV  
  15  0:41  Barracks  
  15  0:44  Refinery  
  15  0:45  SCV  
  16  0:57  SCV  
  17  1:09  SCV  
  18  1:21  SCV  
  19  1:29  Marine  
  20  1:33  Orbital Command  
  20  1:41  Command Center  
  20  1:52  Factory  
  20  1:56  Marine  
  20  2:01  SCV  
  22  2:10  Supply Depot  
  22  2:13  Marine  
  23  2:32  SCV, Marine  
  25  2:37  Barracks  
  25  2:40  Hellion, Starport  
  27  2:47  SCV  
  28  2:53  Orbital Command  
  28  2:57  Marine  
  29  3:00  SCV  
  30  3:06  Hellion  
  32  3:13  SCV  
  32  3:17  Medivac  
  35  3:22  Marine  
  35  3:25  SCV, Marine  
  38  3:30  Factory Tech Lab  
  38  3:39  SCV x2, Barracks  
  38  3:40  Engineering Bay  
  40  3:45  Barracks Tech Lab  
  40  3:46  Marine  
  41  3:51  SCV  
  41  3:52  SCV  
  43  4:02  Starport Reactor  
  43  4:23  Command Center  
  43  4:24  Refinery x2  
  43  4:39  Viking  
  43  4:42  Refinery  
  45  4:46  Barracks  
  45  4:47  Barracks  
  45  4:55  Barracks Reactor  
  45  4:56  Barracks Reactor  
  44  5:34  Marine  
  41  5:45  Marine x4  
  45  5:52  Marine  
Show
View Real Time Build Order
Export as new Build Order

LilDicky Terran - Winner!

Build Orders: Liberator Opening 

Get SALT Encoding   

  12  0:01  SCV  
  13  0:13  SCV  
  14  0:18  Supply Depot  
  14  0:25  SCV  
  15  0:40  SCV  
  15  0:42  Refinery  
  16  0:45  Barracks  
  16  0:54  SCV  
  17  1:06  SCV  
  18  1:18  SCV  
  19  1:34  Marine  
  19  1:37  Supply Depot  
  19  1:38  Orbital Command  
  20  1:43  Refinery  
  20  1:52  Marine  
  21  2:08  SCV, Factory  
  22  2:10  Marine  
  23  2:20  SCV  
  24  2:28  Marine  
  25  2:32  SCV  
  26  2:46  Marine  
  26  2:47  SCV  
  28  2:54  Factory Tech Lab, Starport  
  28  3:02  Supply Depot  
  28  3:03  SCV  
  28  3:04  Marine  
  30  3:15  SCV  
  30  3:18  Liberator  
  31  3:24  Siege Tank, Marine  
  31  3:26  Supply Depot  
  35  3:27  SCV  
  36  3:40  Engineering Bay  
  39  3:45  Supply Depot  
  39  3:47  SCV, Marine  
  41  3:56  Siege Tank  
  41  4:00  SCV  
  45  4:05  Marine  
  46  4:12  SCV  
  47  4:28  Siege Tank, Marine  
  51  4:40  Medivac  
  51  4:43  SCV  
  54  4:47  Command Center  
  54  4:54  Marine  
  54  4:55  Refinery  
  54  4:58  Refinery  
  54  4:59  Missile Turret  
  55  5:02  Supply Depot, Liberator, SCV  
  54  5:14  SCV  
  54  5:18  Command Center  
  54  5:19  Siege Tank  
  58  5:22  Marine  
  36  6:15  Orbital Command  
  36  6:27  Refinery x2  
  33  7:20  Starport  
Tags
 
Add a new tag
Caveats
  • Supply blocks, unpowered buildings, or Contaminate may cause inaccurate times.
  • Supply counts are checked every 10 seconds.